 Dungeon Crawl Stone Soup version 0.26-a0-1020-ge47f559bc5 (webtiles) character file.

Game seed: 14642098853630887215

138115 1994 the Severer (level 16, -6/149 HPs)
             Began as a Minotaur Chaos Knight on Dec 8, 2020.
             Was a Plaything of Xom.
             Killed by divine providence
             ... invoked by Saint Roka
              (7 damage)
             ... on level 2 of the Orcish Mines.
             The game lasted 01:21:36 (29629 turns).

1994 the Severer (Minotaur Chaos Knight)           Turns: 29629, Time: 01:21:37

Health: -6/149     AC: 29    Str: 20    XL:     16   Next: 70%
Magic:  15/15      EV: 20    Int:  8    God:    Xom [*.....]
Gold:   1560       SH:  9    Dex: 14    Spells: 15/15 levels left

rFire    . . .     SeeInvis .   a - +6 battleaxe (chaos)
rCold    + . .     Faith    .   (shield currently unavailable)
rNeg     + . .     Spirit   .   Y - +2 chain mail {rC+}
rPois    +         Reflect  +   J - +0 hat {Will+}
rElec    .         Harm     .   n - +2 ratskin cloak {*Rats rPois rN+ Str-1 Int-1 Dex+1}
rCorr    .         Rampage  .   F - +0 pair of gloves
Will     ++...                  N - +1 pair of boots
Stlth    ..........             A - amulet of reflection
HPRegen  0.34/turn              g - +4 ring of protection
MPRegen  0.14/turn              s - +4 ring of evasion

@: lightly drained
A: retaliatory headbutt, horns 2, large bone plates 1, rugged brown scales 1,
sense surroundings 1, sturdy frame 1
a: Renounce Religion


You were on level 2 of the Orcish Mines.
You worshipped Xom.
You were a special plaything of Xom.
You visited 4 branches of the dungeon, and saw 24 of its levels.
You visited 1 bazaar.
You also visited: Ice Cave.

You collected 3424 gold pieces.
You spent 1864 gold pieces at shops.

Inventory:

Hand Weapons
 a - a +6 battleaxe of chaos (weapon)
 b - the +9 fustibalus "Dohuiz" {venom, Int-2 Dex+4}
   (You found it on level 13 of the Dungeon)

   It poisons the ammo it fires.
   It affects your intelligence (-2).
   It affects your dexterity (+4).
 C - the +10 morningstar "Eos" {elec, Halo rElec}
   (You found it on level 2 of the Lair of Beasts)

   Occasionally, upon striking a foe, it will discharge some electrical energy
   and cause terrible harm.
   It insulates you from electricity.
 K - a +2 executioner's axe of draining
Missiles
 l - 8 javelins
 q - 780 stones (quivered ammo)
 H - 3 boomerangs of dispersal
 T - 30 boomerangs
 V - 2 throwing nets
Armour
 n - the +2 ratskin cloak (worn) {*Rats rPois rN+ Str-1 Int-1 Dex+1}
   (You bought it in a shop in a bazaar)

   It affects your strength (-1).
   It affects your intelligence (-1).
   It affects your dexterity (+1).
   It protects you from poison.
   It protects you from negative energy.
 F - a +0 pair of gloves (worn)
 J - a +0 hat of willpower (worn)
 N - a +1 pair of boots (worn)
 Y - a +2 chain mail of cold resistance (worn)
Jewellery
 f - the ring of Grace {rF+ rN+ Int+6}
   (You found it on level 12 of the Dungeon)

   [ring of intelligence]

   It affects your intelligence (+6).
   It protects you from fire.
   It protects you from negative energy.
 g - a +4 ring of protection (left hand)
 o - an uncursed ring of see invisible
 s - a +4 ring of evasion (right hand)
 u - an uncursed ring of protection from cold
 A - an amulet of reflection (around neck)
Wands
 m - a wand of acid (18)
 w - a wand of digging (6)
 E - a wand of paralysis (60)
 Q - a wand of iceblast (29)
 U - a wand of enslavement (9)
 Z - a wand of polymorph (10)
Scrolls
 d - 3 scrolls of fog
 i - 2 scrolls of identify
 j - 6 scrolls of teleportation
 t - 9 scrolls of magic mapping
 y - a scroll of blinking
 D - 2 scrolls of fear
 P - a scroll of vulnerability
 S - 4 scrolls of immolation
 W - 3 scrolls of remove curse
Potions
 c - 6 potions of attraction
 e - 2 potions of mutation
 k - 2 potions of flight
 p - 11 potions of curing
 r - a potion of berserk rage
 v - a potion of might
 x - 3 potions of haste
 z - a potion of magic
 B - 2 potions of heal wounds
 I - 2 potions of ambrosia
 L - 2 potions of cancellation
 M - 2 potions of invisibility
 R - 3 potions of lignification
 X - 2 potions of resistance
Miscellaneous
 h - a lightning rod (4/4)
 O - a condenser vane


   Skills:
 + Level 13.8(13.1) Fighting
 * Level 18.3(18.2) Axes
 - Level 10.2(14.6) Maces & Flails
 * Level 9.1(8.4) Throwing
 * Level 18.1(17.3) Armour
 + Level 12.6(11.9) Dodging


You had 15 spell levels left.
You didn't know any spells.
Your spell library contained the following spells:

 Spells                   Type           Power        Failure   Level
 Animate Skeleton         Necr           #.....       80%         1
 Beastly Appendage        Tmut           #.....       80%         1
 Foxfire                  Conj/Fire      #...         80%         1
 Freeze                   Ice            #...         80%         1
 Pain                     Necr           #...         80%         1
 Shock                    Conj/Air       #...         80%         1
 Corpse Rot               Necr/Air       N/A          91%         2
 Sublimation of Blood     Necr           #.........   91%         2
 Swiftness                Air            #.......     91%         2
 Wereblood                Tmut           #.......     91%         2
 Frozen Ramparts          Ice            #.....       99%         3
 Ignite Poison            Fire/Tmut/Pois #.......     99%         3
 Inner Flame              Hex/Fire       #.......     99%         3
 Mephitic Cloud           Conj/Pois/Air  #.......     99%         3
 Ozocubu's Armour         Ice            #.......     99%         3
 Spider Form              Tmut/Pois      #.........   99%         3
 Static Discharge         Conj/Air       #.......     99%         3
 Vampiric Draining        Necr           #.........   99%         3
 Airstrike                Air            #.........   100%        4
 Animate Dead             Necr           #.........   100%        4
 Cause Fear               Hex            #.........   100%        4
 Dispel Undead            Necr           #.......     100%        4
 Hailstorm                Conj/Ice       #.......     100%        4
 Ice Form                 Ice/Tmut       #.......     100%        4
 Summon Ice Beast         Ice/Summ       #.......     100%        4
 Agony                    Necr           #.......     100%        5
 Blade Hands              Tmut           #.........   100%        5
 Excruciating Wounds      Necr           #.........   100%        5
 Fireball                 Conj/Fire      #.........   100%        5
 Lightning Bolt           Conj/Air       #.........   100%        5
 Silence                  Hex/Air        #.........   100%        5
 Yara's Violent Unravell  Hex/Tmut       #.........   100%        5
 Starburst                Conj/Fire      #.........   100%        6
 Discord                  Hex            #.........   100%        8
 Ignition                 Fire           #.........   100%        8


Dungeon Overview and Level Annotations

Branches:
Dungeon (15/15)            Temple (1/1) D:5            Lair (6/6) D:11
  Swamp (0/4) Lair:2        Snake (0/4) Lair:3        Slime (0/5) Lair:5
    Orc (2/2) D:10            Elf (0/3) Orc:2        Vaults (0/5) D:13
 Depths (0/5) D:15          IceCv (visited)

Altars:
Ashenzari
Cheibriados
Dithmenos
Elyvilon
Fedhas
Gozag
Hepliaklqana
Kikubaaqudgha
Makhleb
Nemelex Xobeh
Okawaru
Qazlal
Ru
Sif Muna
Trog
Uskayaw
Vehumet
Wu Jian
Xom
Yredelemnul
Zin
The Shining One
Jiyva

Shops:
D:13 *:([   D:14 [*   Orc:2 (*([

Portals:
Trove: D:15 (give 4 scrolls of blinking)

Annotations:
D:12 nice hat
Orc:2 Saint Roka


Innate Abilities, Weirdness & Mutations

You reflexively headbutt those who attack you in melee.
You have a pair of horns on your head.
You are partially covered in large bone plates. (SH +4)
You are partially covered in rugged brown scales. (AC +1, +3% HP)
You passively map a small area around you.
Your movements are slightly less encumbered by armour. (ER -2)


Message History

Evoke which item? (* to show all) (? for menu, Esc to quit)
Aiming: Iceblast
Press: ? - help, Shift-Dir - straight line The mass of ice explodes!
The iceblast engulfs Saint Roka.
Saint Roka is almost dead.
Saint Roka invokes the aid of Beogh against you.
Beogh smites you!
* * * LOW HITPOINT WARNING * * *
Unknown command.
Unknown command.
Unknown command.
Evoke which item? (* to show all) (? for menu, Esc to quit)
Aiming: Iceblast
Press: ? - help, Shift-Dir - straight line The mass of ice explodes!
The iceblast engulfs Saint Roka!
Saint Roka is almost dead.
Saint Roka invokes the aid of Beogh against you.
Beogh smites you!
You die...
Xom is highly amused!

...###........#...##*,#...)......
#.## ......#....##........#....
### , .#.........#........##.#. *
#....#..................# *
#......o..#.#......#....
##..##..######....###... #...
#....## ....## ###. ##.,
##....###..#* ## . #.@..## # * *
##.### , ### , ,


You could see Saint Roka (fast, poisoned, drained).

Vanquished Creatures
  Gastronok (Lair:3)
  A frost giant (IceCv)
  The ghost of Beaer the Covert, an adept VSBr of Okawaru (Lair:2)
  Nessos (D:15)
  A minotaur (D:10)
  The ghost of Qoihe the Destroyer, a journeyman DrCj of Vehumet (Lair:2)
  Josephine (Orc:2)
  3 boulder beetles (D:12)
  Harold (D:7)
  4 hydras
  5 vault guards
  4 centaur warriors
  A death knight (D:15)
  A catoblepas (Lair:4)
  5 ogre magi
  27 two-headed ogres
  11 death yaks
  A queen ant (D:12)
  Urug (Orc:2)
  A skeletal warrior (D:15)
  2 deep trolls
  2 unseen horrors
  A wizard (D:15)
  An orc knight (Orc:2)
  A necromancer (D:15)
  2 wolf spiders
  2 orc sorcerers (D:15)
  A wolf spider zombie (D:15)
  3 deep elf magi (D:15)
  6 cyclopes
  3 manticores
  8 ugly things
  A moth of wrath (Lair:6)
  2 wyverns
  An ice statue (IceCv)
  11 elephants (Lair:4)
  5 black mambas
  A cane toad (shapeshifter) (D:12)
  2 torpor snails (D:12)
  3 gargoyles
  12 cane toads
  3 kobold demonologists (D:14)
  5 komodo dragons
  9 yaktaurs (D:15)
  Maggie (D:10)
  A yaktaur (shapeshifter) (D:14)
  2 rime drakes (Lair:4)
  A freezing wraith (D:14)
  16 trolls
  16 polar bears
  A jumping spider (D:12)
  13 blink frogs
  A raiju (Lair:1)
  6 hornets (Lair:6)
  4 dream sheep (Lair:6)
  12 spriggans (Lair:6)
  2 centaur simulacra (D:15)
  6 wraiths
  3 shadows
  A tarantella (D:12)
  55 yaks
  5 basilisks
  3 vampire mosquitoes (D:14)
  A steam dragon (D:9)
  A golden eye (shapeshifter) (D:13)
  Menkaure (D:6)
  2 nagas (Lair:3)
  15 water moccasins
  An acid dragon (D:14)
  A floating eye (shapeshifter) (D:12)
  8 black bears
  Duvessa (D:4)
  A swamp drake (D:8)
  3 ice beasts
  14 orc warriors
  A hornet zombie (D:9)
  5 sky beasts
  2 necrophages
  52 wolves
  An eye of draining (D:10)
  28 ogres
  4 boggarts (Lair:6)
  14 centaurs
  8 big kobolds
  19 bullfrogs
  Dowan (D:4)
  5 scorpions
  A wyvern skeleton (D:8)
  22 wights
  10 killer bees
  3 howler monkeys
  3 electric eels
  A bullfrog zombie (D:9)
  2 lava snakes (D:12)
  A quasit (D:9)
  5 jellies
  7 orc priests
  5 centaur skeletons
  4 centaur zombies
  7 hounds
  21 orc wizards
  4 bullfrog skeletons
  5 hell rats (Lair:6)
  7 iguanas
  17 worker ants
  A killer bee zombie (D:6)
  2 worker ant zombies
  9 gnolls
  13 adders
  A shadow imp (D:8)
  4 white imps
  An ufetubus (D:6)
  3 worms
  2 dart slugs
  4 leopard geckos
  54 orcs
  7 giant cockroaches
  4 hobgoblins
  8 jackals
  32 kobolds
  3 quokkas
  7 bats
  8 frilled lizards
  4 goblins
  A quokka zombie (D:5)
  3 rats
793 creatures vanquished.

Vanquished Creatures (collateral kills)
  An ettin (D:13)
  A two-headed ogre (D:14)
  A cyclops (D:12)
  An elephant (Lair:4)
  A cane toad (Lair:4)
  A rime drake (Lair:4)
  A komodo dragon (Lair:4)
  A polar bear (IceCv)
  A wraith (Orc:2)
  A yak (IceCv)
  A vampire mosquito (D:14)
  A water moccasin (Lair:6)
  An ogre (D:6)
  A jelly (D:14)
  5 hell rats
  2 orcs (Orc:2)
  2 kobolds (D:12)
23 creatures vanquished.

Vanquished Creatures (others)
  An ugly thing (D:15)
  3 polar bears (IceCv)
  A troll (Orc:2)
  3 yaks
  3 wolves (IceCv)
  A kobold (D:10)
  30 fungi
  66 plants
108 creatures vanquished.

Grand Total: 924 creatures vanquished

Notes
Turn   | Place    | Note
-------+----------+-------------------------------------------
     0 | D:1      | 1994 the Minotaur Chaos Knight began the quest for the Orb.
     0 | D:1      | Reached XP level 1. HP: 19/19 MP: 0/0
   211 | D:1      | XOM: silly message
   287 | D:1      | XOM: silly message
   571 | D:1      | XOM: give mutations
   571 | D:1      | Gained mutation: You are strong-willed. (Will+) [Xom's
                  | grace]
   571 | D:1      | Gained mutation: You are partially covered in rugged brown
                  | scales. (AC +1, +3% HP) [Xom's grace]
   571 | D:1      | Gained mutation: You have a pair of large horns on your
                  | head. [Xom's grace]
   588 | D:1      | XOM: 3-stop teleportation journey
   625 | D:1      | XOM: divination: detect items
   652 | D:1      | Reached XP level 2. HP: 27/27 MP: 1/1
   900 | D:2      | XOM: silly message
  1030 | D:2      | Reached XP level 3. HP: 32/33 MP: 2/2
  1084 | D:2      | XOM: potion effect (heal wounds)
  1390 | D:2      | XOM is BORED!
  1390 | D:2      | XOM: silly message
  1614 | D:2      | XOM: silly message
  1683 | D:2      | XOM: summons 2 hostile shadow creatures
  1800 | D:2      | XOM: give mutations
  1800 | D:2      | Gained mutation: You are clumsy. (Dex -2) [Xom's mischief]
  1800 | D:2      | Gained mutation: You are dopey. (Int -2) [Xom's mischief]
  1879 | D:3      | Reached XP level 4. HP: 40/41 MP: 3/3
  2210 | D:3      | Found a shadowy altar of Dithmenos.
  2337 | D:3      | XOM: give mutations
  2337 | D:3      | Lost mutation: You are dopey. (Int -2) [Xom's mischief]
  2337 | D:3      | Gained mutation: You are dopey. (Int -2) [Xom's mischief]
  2337 | D:3      | Gained mutation: You are covered in fur. (AC +1) [Xom's
                  | mischief]
  2337 | D:3      | Lost mutation: You are partially covered in rugged brown
                  | scales. (AC +1, +3% HP) [Xom's mischief]
  2468 | D:3      | XOM is BORED!
  2577 | D:4      | Reached skill level 5 in Maces & Flails
  2675 | D:4      | Noticed Duvessa
  2675 | D:4      | Noticed Dowan
  2688 | D:4      | XOM: noise
  2780 | D:3      | Reached XP level 5. HP: 36/47 MP: 4/4
  3016 | D:4      | Found a shimmering altar of Xom.
  3018 | D:3      | Found a burning altar of Makhleb.
  3175 | D:3      | XOM: scenery: create altars
  3198 | D:4      | XOM: destruction
  3209 | D:4      | XOM: cast spell 'Discord'
  3282 | D:4      | XOM: 1-stop teleportation journey
  3441 | D:4      | Reached XP level 6. HP: 50/55 MP: 5/5
  3659 | D:4      | Reached skill level 5 in Fighting
  3733 | D:4      | XOM: god gift: pink potion {god gift}
  3898 | D:3      | XOM: summons 3 hostile demons
  3905 | D:3      | XOM: polymorph white imp -> crimson imp
  4189 | D:4      | Killed Duvessa
  4291 | D:4      | Killed Dowan
  4587 | D:5      | Entered Level 5 of the Dungeon
  4621 | D:5      | XOM: potion effect (brilliance)
  4629 | D:5      | Reached XP level 7. HP: 59/61 MP: 6/6
  4642 | D:5      | You fall into a shaft and drop 1 floor!
  4829 | D:6      | Reached skill level 5 in Armour
  4964 | D:5      | Found a staircase to the Ecumenical Temple.
  4999 | D:5      | XOM: enchant monster (bad)
  5035 | Temple   | Entered the Ecumenical Temple
  5368 | D:5      | XOM: give mutation
  5368 | D:5      | Gained mutation: You are frail. (-10% HP) [Xom's mischief]
  5548 | D:6      | XOM: summons 4 friendly demons
  5568 | D:6      | Noticed Menkaure
  5579 | D:6      | Killed Menkaure
  5580 | D:6      | Reached XP level 8. HP: 63/63 MP: 7/7
  5688 | D:6      | XOM: give mutation
  5688 | D:6      | Gained mutation: You are partially covered in large bone
                  | plates. (SH +4) [Xom's mischief]
  5766 | D:6      | Found a glowing golden altar of the Shining One.
  5978 | D:7      | XOM: blink monster(s)
  5983 | D:7      | XOM: confusion (+ monsters)
  6072 | D:6      | XOM: summons friendly crimson imp
  6236 | D:7      | XOM: 1-stop teleportation journey
  6284 | D:7      | Reached skill level 5 in Dodging
  6468 | D:7      | XOM: destruction
  6484 | D:7      | XOM: scenery: create altars
  6510 | D:7      | XOM: divination: detect creatures
  6586 | D:7      | Reached XP level 9. HP: 35/71 MP: 8/8
  6972 | D:7      | XOM is BORED!
  6972 | D:7      | XOM: torment (33/71 hp)
  6975 | D:7      | XOM: summons 4 hostile demons
  6976 | D:7      | Noticed an ice devil
  7041 | D:7      | XOM: torment (25/71 hp)
  7251 | D:7      | XOM: give mutations
  7251 | D:7      | Lost mutation: You are frail. (-10% HP) [Xom's mischief]
  7251 | D:7      | Lost mutation: You have a pair of large horns on your head.
                  | [Xom's mischief]
  7251 | D:7      | Gained mutation: You are weak. (Str -2) [Xom's mischief]
  7351 | D:7      | XOM: give mutations
  7351 | D:7      | Lost mutation: You are dopey. (Int -2) [Xom's mischief]
  7351 | D:7      | Gained mutation: You are robust. (+10% HP) [Xom's mischief]
  7351 | D:7      | Lost mutation: You are robust. (+10% HP) [Xom's mischief]
  7351 | D:7      | Gained mutation: Scrolls take you a little longer to read.
                  | [Xom's mischief]
  7444 | D:7      | Noticed Harold
  7456 | D:7      | XOM: noise
  7469 | D:7      | XOM: confusion
  7502 | D:6      | XOM: polymorph gnoll sergeant -> howler monkey
  7549 | D:6      | XOM: summons 1 hostile shadow creature
  7677 | D:7      | XOM: give mutations
  7677 | D:7      | Lost mutation: Scrolls take you a little longer to read.
                  | [Xom's mischief]
  7677 | D:7      | Gained mutation: You are frail. (-10% HP) [Xom's mischief]
  7743 | D:7      | Killed Harold
  7744 | D:7      | Reached skill level 10 in Maces & Flails
  7746 | D:7      | XOM: confusion
  7960 | D:7      | XOM: give mutation
  7960 | D:7      | Lost mutation: You are covered in fur. (AC +1) [Xom's
                  | mischief]
  8186 | D:8      | XOM: enchant monster (bad)
  8190 | D:8      | Reached skill level 1 in Axes
  8518 | D:8      | XOM: summons 2 hostile demons
  8610 | D:9      | XOM: confusion
  8613 | D:8      | XOM: polymorph killer bee -> swamp drake
  8623 | D:8      | Reached XP level 10. HP: 46/79 MP: 9/9
  8789 | D:9      | XOM: swap monsters
  8802 | D:9      | Reached skill level 10 in Armour
  8913 | D:9      | Found a hazy altar of Hepliaklqana.
  9166 | D:9      | XOM: give mutations
  9166 | D:9      | Gained mutation: Armour fits poorly on your strangely
                  | shaped body. [Xom's mischief]
  9166 | D:9      | Lost mutation: You are frail. (-10% HP) [Xom's mischief]
  9166 | D:9      | Gained mutation: You tend to lose your temper in combat.
                  | [Xom's mischief]
  9171 | D:9      | Lost mutation: You are strong-willed. (Will+) [potion of
                  | mutation]
  9171 | D:9      | Lost mutation: You are clumsy. (Dex -2) [potion of
                  | mutation]
  9171 | D:9      | Lost mutation: You are weak. (Str -2) [potion of mutation]
  9171 | D:9      | Gained mutation: You passively map a small area around you.
                  | [potion of mutation]
  9171 | D:9      | Gained mutation: Your spells are a little easier to cast,
                  | but a little less powerful. [potion of mutation]
  9171 | D:9      | Lost mutation: You tend to lose your temper in combat.
                  | [potion of mutation]
  9449 | D:9      | XOM: confusion
  9490 | D:9      | XOM: summons friendly white imp
  9680 | D:9      | XOM: give mutations
  9680 | D:9      | Gained mutation: You are clumsy. (Dex -2) [Xom's mischief]
  9680 | D:9      | Gained mutation: You are frail. (-10% HP) [Xom's mischief]
  9680 | D:9      | Gained mutation: You are very frail. (-20% HP) [Xom's
                  | mischief]
  9708 | D:9      | Noticed a manticore
  9709 | D:9      | XOM: chaos upgrade
  9714 | D:9      | Reached skill level 5 in Axes
  9718 | D:9      | XOM: blink monster(s)
  9725 | D:9      | Killed a manticore
  9752 | D:9      | XOM: stat loss: -1 Int (8/9)
  9824 | D:9      | XOM: 3-stop teleportation journey
  9924 | D:9      | XOM: divination: detect items
 10010 | D:9      | XOM: potion effect (brilliance)
 10054 | D:9      | Killed an unseen horror
 10158 | D:9      | XOM: give mutations
 10158 | D:9      | Gained mutation: You have sharp fingernails. [Xom's grace]
 10158 | D:9      | Gained mutation: You are partially covered in rugged brown
                  | scales. (AC +1, +3% HP) [Xom's grace]
 10158 | D:9      | Gained mutation: You expend magic power (3 MP) to
                  | strengthen your wands. [Xom's grace]
 10158 | D:9      | Gained mutation: You have sharp toenails. [Xom's grace]
 10224 | D:9      | XOM: cloud trail
 10233 | D:9      | XOM: god gift: yellow potion {god gift}
 10282 | D:10     | Entered Level 10 of the Dungeon
 10289 | D:10     | Noticed Maggie
 10295 | D:10     | Killed Maggie
 10397 | D:10     | XOM: summons friendly crimson imp
 10406 | D:10     | Noticed a red ugly thing
 10467 | D:10     | XOM: divination: detect creatures
 10804 | D:10     | Found a staircase to the Orcish Mines.
 11051 | D:10     | XOM: divination: detect creatures
 11056 | D:10     | XOM: divination: detect creatures
 11057 | D:10     | Killed a red ugly thing
 11058 | D:10     | Reached XP level 11. HP: 61/80 MP: 6/10
 11176 | D:10     | XOM: silly message
 11429 | D:10     | XOM: divination: detect creatures
 11653 | D:11     | XOM: butterfly on damage
 11791 | D:11     | XOM: silly message
 11886 | D:11     | Noticed a two-headed ogre
 11903 | D:11     | XOM: divination: detect items
 11912 | D:11     | Killed a two-headed ogre
 12069 | D:11     | XOM: cast spell 'Alistair's Intoxication'
 12077 | D:11     | XOM: silly message
 12086 | D:11     | XOM: noise
 12102 | D:11     | XOM: noise
 12109 | D:11     | XOM: cast spell 'Summon Mana Viper'
 12172 | D:10     | XOM: divination: detect creatures
 12260 | D:11     | Noticed a death yak
 12260 | D:11     | XOM: divination: detect creatures
 12260 | D:11     | Noticed a death yak
 12261 | D:11     | Noticed a death yak
 12261 | D:11     | Noticed a death yak
 12261 | D:11     | Noticed a two-headed ogre
 12261 | D:11     | Noticed a death yak
 12263 | D:11     | Found a staircase to the Lair.
 12263 | D:11     | Noticed a death yak
 12263 | D:11     | Noticed a death yak
 12275 | D:11     | XOM: noise
 12287 | D:11     | XOM: noise
 12294 | D:10     | XOM: confuse monster(s)
 12296 | D:10     | XOM: noise
 12331 | D:10     | XOM: give mutations
 12331 | D:10     | Gained mutation: You evolve. [Xom's grace]
 12331 | D:10     | Gained mutation: You are resistant to electric shocks.
                  | (rElec) [Xom's grace]
 12331 | D:10     | Lost mutation: You evolve. [Xom's grace]
 12331 | D:10     | Gained mutation: You are somewhat resistant to further
                  | mutation. [Xom's grace]
 12342 | D:10     | XOM: swap monsters
 12366 | D:10     | XOM: potion effect (haste)
 12369 | D:10     | XOM: divination: detect items
 12371 | D:10     | XOM: summons friendly quasit
 12407 | D:11     | XOM: scenery: summon butterflies
 12534 | D:10     | Noticed a minotaur
 12534 | D:10     | a death yak changed into a minotaur
 12534 | D:10     | XOM: polymorph death yak -> minotaur
 12552 | D:10     | XOM: scenery: summon butterflies
 12570 | D:10     | XOM: cleaving
 12598 | D:10     | Lost mutation: You expend magic power (3 MP) to strengthen
                  | your wands. [potion of mutation]
 12598 | D:10     | Lost mutation: Armour fits poorly on your strangely shaped
                  | body. [potion of mutation]
 12598 | D:10     | Lost mutation: You have sharp toenails. [potion of
                  | mutation]
 12692 | D:9      | Identified Xom's Catalogue of the Armadillo (Xom gifted it
                  | to you on level 9 of the Dungeon)
 12692 | D:9      | XOM: god gift: Xom's Catalogue of the Armadillo
 12748 | D:10     | XOM: divine lightning
 12753 | D:10     | Killed a minotaur
 13233 | D:12     | XOM: potion effect (brilliance)
 13265 | D:12     | XOM: enchant monster (good)
 13284 | D:12     | Noticed a glowing shapeshifter
 13284 | D:12     | a yak changed into a glowing shapeshifter
 13284 | D:12     | XOM: polymorph yak -> glowing shapeshifter
 13284 | D:12     | a glowing shapeshifter changed into a swamp worm
 13287 | D:12     | Reached skill level 10 in Fighting
 13304 | D:12     | XOM: confusion (+ monsters)
 13319 | D:12     | Found a snail-covered altar of Cheibriados.
 13504 | D:12     | Noticed a two-headed ogre
 13517 | D:12     | a two-headed ogre changed into a torpor snail
 13517 | D:12     | XOM: polymorph two-headed ogre -> torpor snail
 13708 | D:12     | XOM is BORED!
 13708 | D:12     | XOM: torment (40/82 hp)
 13779 | D:12     | XOM: 1-stop teleportation journey
 13783 | D:12     | Killed an unseen horror
 13812 | D:12     | Noticed a two-headed ogre
 13812 | D:12     | XOM: blink monster(s)
 13818 | D:12     | a two-headed ogre changed into a torpor snail
 13818 | D:12     | XOM: polymorph two-headed ogre -> torpor snail
 13917 | D:12     | XOM: summons 9 friendly demons
 13957 | D:12     | Found a runed translucent door.
 13958 | D:12     | Noticed a wolf spider
 13984 | D:12     | XOM: summons friendly crimson imp
 14078 | D:12     | XOM: chaos upgrade
 14091 | D:12     | XOM: chaos upgrade
 14094 | D:12     | Reached XP level 12. HP: 80/88 MP: 11/11
 14191 | D:12     | XOM: noise
 14476 | Lair:1   | Entered Level 1 of the Lair of Beasts
 14538 | Lair:1   | Reached skill level 10 in Axes
 14543 | Lair:1   | XOM: divination: magic mapping
 14687 | Lair:1   | You fall into a shaft and drop 1 floor!
 14700 | Lair:2   | XOM: enchant monster (bad)
 14706 | Lair:2   | XOM: confuse monster(s)
 14792 | Lair:2   | Found a runed translucent gate.
 14793 | Lair:2   | Found a runed translucent gate.
 14794 | Lair:2   | Found a runed translucent gate.
 14795 | Lair:2   | Noticed Beaer's ghost (adept VSBr)
 14796 | Lair:2   | Noticed Qoihe's ghost (journeyman DrCj)
 14798 | Lair:2   | Found the +10 morningstar "Eos" {elec, Halo rElec}
 14869 | Lair:1   | XOM: enchant monster (bad)
 14999 | Lair:1   | Reached XP level 13. HP: 94/94 MP: 12/12
 15465 | Lair:2   | Found a staircase to the Swamp.
 15471 | Lair:2   | XOM: silly message
 15481 | Lair:2   | XOM: blink monster(s)
 15711 | Lair:2   | XOM: noise
 15827 | Lair:2   | XOM: divination: magic mapping
 16372 | D:11     | XOM: cloud trail
 16453 | Lair:2   | XOM: cast spell 'Dispersal'
 16571 | Lair:2   | XOM: give mutation
 16571 | Lair:2   | Gained mutation: Your movements are slightly less
                  | encumbered by armour. (ER -2) [Xom's grace]
 16618 | Lair:3   | Found a staircase to the Snake Pit.
 16618 | Lair:3   | XOM: 3-stop teleportation journey
 16806 | Lair:3   | XOM: confuse monster(s)
 17033 | Lair:3   | XOM: 5-stop teleportation journey
 17259 | Lair:3   | Noticed Gastronok
 17277 | Lair:3   | XOM: potion effect (brilliance)
 17288 | Lair:3   | Killed Gastronok
 17376 | Lair:3   | XOM: potion effect (invisibility)
 17435 | Lair:4   | XOM: potion effect (heal wounds)
 17454 | Lair:4   | Reached skill level 10 in Dodging
 17716 | Lair:4   | Found a frozen archway.
 17742 | Lair:4   | XOM: swap monsters
 17744 | Lair:4   | XOM: confusion
 17755 | Lair:4   | XOM: swap monsters
 17778 | Lair:4   | XOM: fog
 17780 | Lair:4   | XOM: confusion
 17783 | Lair:4   | XOM: 7-stop teleportation journey
 17785 | Lair:4   | XOM: enchant monster (bad)
 17793 | Lair:4   | XOM: 1-stop teleportation journey
 17806 | Lair:4   | XOM: enchant monster (good)
 17831 | Lair:4   | XOM: summons 13 friendly demons
 17850 | Lair:4   | Lost mutation: Your spells are a little easier to cast, but
                  | a little less powerful. [potion of mutation]
 17850 | Lair:4   | Lost mutation: You are very frail. (-20% HP) [potion of
                  | mutation]
 17850 | Lair:4   | Lost mutation: You are frail. (-10% HP) [potion of
                  | mutation]
 17850 | Lair:4   | Lost mutation: You are clumsy. (Dex -2) [potion of
                  | mutation]
 17850 | Lair:4   | Gained mutation: Your flesh is cold resistant. (rC+)
                  | [potion of mutation]
 17850 | Lair:4   | Gained mutation: Your flesh is very cold resistant. (rC++)
                  | [potion of mutation]
 17856 | Lair:4   | XOM: polymorph iron imp -> shadow imp
 17887 | Lair:4   | XOM: potion effect (might)
 17930 | IceCv    | Entered an ice cave
 17935 | IceCv    | Reached skill level 15 in Axes
 18101 | IceCv    | XOM: scenery: summon butterflies
 18143 | IceCv    | XOM: 1-stop teleportation journey
 18167 | IceCv    | XOM: cast spell 'Summon Mana Viper'
 18169 | IceCv    | Reached XP level 14. HP: 103/127 MP: 13/13
 18336 | IceCv    | XOM: god gift: scroll of fear
 18350 | IceCv    | Reached skill level 15 in Armour
 18361 | IceCv    | XOM: 4-stop teleportation journey
 18629 | IceCv    | XOM: summons friendly ufetubus
 18632 | IceCv    | XOM: scenery: summon butterflies
 18736 | IceCv    | Noticed a frost giant
 18744 | IceCv    | XOM: divine lightning
 18747 | IceCv    | Killed a frost giant
 19045 | Lair:4   | XOM: cleaving
 19570 | Lair:4   | XOM: give mutations
 19570 | Lair:4   | Lost mutation: You have sharp fingernails. [Xom's mischief]
 19570 | Lair:4   | Gained mutation: Scrolls take you a little longer to read.
                  | [Xom's mischief]
 19570 | Lair:4   | Lost mutation: Scrolls take you a little longer to read.
                  | [Xom's mischief]
 19749 | Lair:5   | XOM: smoke on damage
 19809 | Lair:5   | XOM: summons 7 hostile demons
 19840 | Lair:5   | XOM: god gift: rapier {god gift}
 19926 | Lair:5   | Reached skill level 1 in Throwing
 19965 | Lair:5   | Found a shimmering altar of Xom.
 20116 | Lair:5   | XOM: god gift: 14 sling bullets
 20121 | Lair:5   | XOM: polymorph death yak -> death yak
 20161 | Lair:5   | XOM: potion effect (might)
 20220 | Lair:5   | Found a viscous altar of Jiyva.
 20221 | Lair:5   | Found a staircase to the Slime Pits.
 20292 | Lair:5   | XOM: scenery: create altars
 20458 | Lair:6   | Entered Level 6 of the Lair of Beasts
 20495 | Lair:6   | XOM: divination: detect creatures
 20535 | Lair:6   | XOM: polymorph dream sheep -> moth of wrath
 20820 | Lair:6   | XOM: give mutations
 20820 | Lair:6   | Gained mutation: Your body sometimes deteriorates upon
                  | taking damage. [Xom's mischief]
 20820 | Lair:6   | Lost mutation: You are somewhat resistant to further
                  | mutation. [Xom's mischief]
 20820 | Lair:6   | Lost mutation: Your body sometimes deteriorates upon taking
                  | damage. [Xom's mischief]
 20869 | Lair:6   | XOM: smoke on damage
 20930 | Lair:6   | XOM: silly message
 21095 | Lair:6   | XOM: fake destruction
 21098 | Lair:6   | XOM: summons friendly iron imp
 21365 | Lair:6   | XOM: enchant monster (bad)
 21379 | Lair:6   | XOM: summons 4 hostile demons
 21616 | Lair:6   | XOM: 1-stop teleportation journey
 21824 | Lair:6   | XOM: summons 3 friendly demons
 21912 | Lair:6   | Got a crystal flail
 21913 | Lair:6   | Identified the cursed +1 flail of Painted Valiance {freeze,
                  | rPois Str+3} (You found it on level 6 of the Lair of
                  | Beasts)
 21944 | Lair:6   | XOM: cast spell 'Alistair's Intoxication'
 22021 | Lair:6   | XOM: fog
 22352 | Lair:2   | Killed Beaer's ghost
 22353 | Lair:2   | Reached XP level 15. HP: 132/138 MP: 14/14
 22358 | Lair:2   | XOM: cleaving
 22381 | Lair:2   | Killed Qoihe's ghost
 22539 | Lair:2   | XOM: divination: detect creatures
 22603 | Lair:2   | XOM: give mutation
 22603 | Lair:2   | Gained mutation: You expend magic power (3 MP) to
                  | strengthen your wands. [Xom's grace]
 22864 | D:11     | XOM: summons 4 friendly demons
 23034 | D:11     | XOM: god gift: 11 gold pieces
 23055 | D:11     | XOM: confuse monster(s)
 23064 | D:11     | XOM: destruction
 23071 | D:11     | Reached skill level 5 in Throwing
 23175 | D:12     | Got a pitted hat
 23186 | D:12     | Identified the cursed +0 hat of Daisies {rC- rN+++ Regen+
                  | Slay+3} (You found it on level 12 of the Dungeon)
 23202 | D:12     | Got a faintly glowing whip
 23203 | D:12     | Identified the +4 whip of Governance {flame, rF++ rC+ rN+
                  | Int+4} (You found it on level 12 of the Dungeon)
 23319 | D:12     | XOM: draining
 23353 | D:12     | Got a flickering platinum ring
 23358 | D:12     | Identified the ring of Grace {rF+ rN+ Int+6} (You found it
                  | on level 12 of the Dungeon)
 23421 | D:12     | XOM: summons 8 hostile demons
 23468 | D:13     | Found a gate to the Vaults.
 23486 | D:13     | XOM: fog
 23728 | D:12     | XOM: confusion
 23743 | D:13     | XOM: cast spell 'Summon Ice Beast'
 23746 | D:12     | XOM: god gift: 26 stones
 23747 | D:12     | XOM: summons friendly shadow imp
 23776 | D:13     | XOM: summons friendly shadow imp
 23781 | D:13     | XOM: polymorph shadow imp -> crimson imp
 23898 | D:13     | XOM: smoke on damage
 24141 | D:13     | XOM: scenery: 1 doors open
 24317 | D:13     | Got a slimy fustibalus
 24318 | D:13     | Identified the +9 fustibalus "Dohuiz" {venom, Int-2 Dex+4}
                  | (You found it on level 13 of the Dungeon)
 24498 | Lair:3   | XOM: give mutations
 24498 | Lair:3   | Gained mutation: Scrolls take you a little longer to read.
                  | [Xom's mischief]
 24498 | Lair:3   | Gained mutation: You occasionally shout uncontrollably at
                  | your foes. [Xom's mischief]
 24912 | D:13     | Found Dobifoen's Assorted Antiques.
 24913 | D:13     | Found a gateway to a bazaar.
 24927 | D:13     | Bought a sedimented brown potion for 25 gold pieces
 24927 | D:13     | Bought a scroll of identify for 56 gold pieces
 24929 | D:13     | Bought a smoking amber ring for 140 gold pieces
 24937 | D:13     | Identified the cursed ring of the Leaf {rElec rPois MP+9
                  | Int-4 Slay-4} (You bought it in a shop on level 13 of the
                  | Dungeon)
 24963 | Bazaar   | Entered a bazaar
 24965 | Bazaar   | Found Joicats's Gadget Boutique.
 24969 | Bazaar   | Found Ipaelae's Magic Scroll Boutique.
 24969 | Bazaar   | Found Luadeyre's Assorted Antiques.
 24969 | Bazaar   | Found Etaoxzodd's Gadget Boutique.
 24979 | Bazaar   | Bought a scroll of enchant weapon for 52 gold pieces
 24996 | Bazaar   | Bought a scroll of fog for 14 gold pieces
 24996 | Bazaar   | Bought a scroll of fog for 14 gold pieces
 24996 | Bazaar   | Bought a scroll of identify for 14 gold pieces
 24996 | Bazaar   | Bought a scroll of brand weapon for 140 gold pieces
 24996 | Bazaar   | Bought a scroll of identify for 14 gold pieces
 25002 | Bazaar   | Bought a scroll of identify for 32 gold pieces
 25002 | Bazaar   | Bought a scroll of identify for 32 gold pieces
 25002 | Bazaar   | Bought a potion of heal wounds for 80 gold pieces
 25002 | Bazaar   | Bought the +2 ratskin cloak {*Rats rPois rN+ Str-1 Int-1
                  | Dex+1} for 444 gold pieces
 25002 | Bazaar   | Found the +2 ratskin cloak {*Rats rPois rN+ Str-1 Int-1
                  | Dex+1}
 25002 | Bazaar   | Bought a scroll of magic mapping for 56 gold pieces
 25002 | Bazaar   | Bought a potion of curing for 48 gold pieces
 25002 | Bazaar   | Bought an ancient glass ring for 80 gold pieces
 25021 | Bazaar   | Identified the ring of Attenkib {Wiz rF+ Str+7} (You bought
                  | it in a shop in a bazaar)
 25128 | D:13     | Found Gutifutz's Book Shop.
 25339 | D:13     | XOM: enchant monster (bad)
 25340 | D:13     | XOM: polymorph two-headed ogre -> wolf spider
 25429 | D:13     | Found a snail-covered altar of Cheibriados.
 25508 | D:13     | XOM: enchant monster (bad)
 25510 | D:13     | Found Bugatihi's Armour Boutique.
 25591 | D:13     | Found Zofix's Weapon Shop.
 25716 | D:14     | XOM: swap monsters
 25723 | D:14     | XOM: confusion (+ monsters)
 25727 | D:14     | XOM: summons 7 friendly demons
 25871 | D:14     | Found Ibreg's Antique Armour Emporium.
 25913 | D:14     | Found Keotuem's Hallowed Reliquary.
 25915 | D:14     | Found a glowing golden altar of the Shining One.
 26025 | D:14     | XOM: noise
 26038 | D:14     | XOM: swap monsters
 26188 | D:14     | XOM: give mutations
 26188 | D:14     | Lost mutation: Your flesh is very cold resistant. (rC++)
                  | [Xom's mischief]
 26188 | D:14     | Lost mutation: Scrolls take you a little longer to read.
                  | [Xom's mischief]
 26344 | D:15     | XOM: noise
 26344 | D:15     | Entered Level 15 of the Dungeon
 26347 | D:15     | XOM: cast spell 'Summon Hydra'
 26505 | D:15     | XOM: chaos upgrade
 26507 | D:14     | XOM: noise
 26508 | D:14     | XOM: blink monster(s)
 26898 | D:15     | XOM: summons 2 friendly demons
 26957 | D:14     | XOM: give mutations
 26957 | D:14     | Lost mutation: You expend magic power (3 MP) to strengthen
                  | your wands. [Xom's mischief]
 26957 | D:14     | Lost mutation: Your flesh is cold resistant. (rC+) [Xom's
                  | mischief]
 26957 | D:14     | Lost mutation: You occasionally shout uncontrollably at
                  | your foes. [Xom's mischief]
 26977 | D:15     | Reached XP level 16. HP: 146/148 MP: 15/15
 27071 | D:15     | Identified a scroll of acquirement
 27110 | D:15     | Acquired 1097 gold pieces
 27185 | D:13     | Bought a +2 executioner's axe of electrocution for 407 gold
                  | pieces
 27237 | D:13     | XOM: give mutation
 27237 | D:13     | Lost mutation: You are resistant to electric shocks.
                  | (rElec) [Xom's mischief]
 27300 | D:15     | XOM: silly message
 27460 | D:15     | Paralysed by a wizard for 6 turns
 27466 | D:15     | XOM: potion effect (haste)
 27469 | D:15     | XOM: cast spell 'Summon Small Mammal'
 27485 | D:15     | Found a portal to a secret trove of treasure.
 27552 | D:15     | XOM: silly message
 27564 | D:15     | XOM: potion effect (invisibility)
 27567 | D:15     | XOM: silly message
 27570 | D:15     | Noticed Nessos
 27574 | D:15     | XOM: silly message
 27610 | D:15     | Killed Nessos
 27894 | D:15     | Found a staircase to the Depths.
 27907 | D:15     | XOM: potion effect (invisibility)
 27916 | D:15     | XOM: noise
 28138 | Orc:1    | Entered Level 1 of the Orcish Mines
 28265 | Orc:2    | Entered Level 2 of the Orcish Mines
 28265 | Orc:2    | Found a staircase to the Elven Halls.
 28265 | Orc:2    | Found Soezu's Antique Weapon Emporium.
 28267 | Orc:2    | Found Buosmi's Assorted Antiques.
 28286 | Orc:2    | Noticed Josephine
 28290 | Orc:2    | XOM: enchant monster (good)
 28294 | Orc:2    | XOM: scenery: summon butterflies
 28295 | Orc:2    | XOM: swap monsters
 28296 | Orc:2    | Paralysed by an ogre mage for 2 turns
 28300 | Orc:2    | XOM: enchant monster (bad)
 28583 | Orc:2    | Killed Josephine
 28584 | Orc:2    | Noticed Saint Roka
 28838 | Orc:2    | XOM: summons 7 friendly demons
 28854 | Orc:2    | XOM: cleaving
 29003 | Orc:2    | XOM: 3-stop teleportation journey
 29170 | Orc:2    | Noticed Urug
 29180 | Orc:2    | Killed Urug
 29261 | Orc:2    | XOM: draining
 29462 | Orc:2    | Found Caleabla's Weapon Shoppe.
 29463 | Orc:2    | Found Reonirun's Antique Armour Emporium.
 29465 | Orc:2    | Bought a potion of mutation for 216 gold pieces
 29610 | Orc:2    | XOM: enchant monster (good)
 29628 | Orc:2    | HP: 1/149 [Saint Roka/divine providence (15)]
 29629 | Orc:2    | Killed from afar by Saint Roka

Illustrated notes

Levels and vault maps discovered:
D:1:      minmay_arrival_stone_box, layout_loops_corners, amethyst_killhole
D:2:      minmay_wonky_spiral, layout_basic
D:3:      layout_basic, nicolae_overflow_hidden_temple
D:4:      layout_loops_ring, lemuel_crystal_altar, uniq_duvessa
D:5:      layout_basic, minmay_temple_entry_grid
D:6:      layout_gridville, overflow_temple_1_default, uniq_menkaure
D:7:      layout_loops_ring, st_stairs_1, kennysheep_nondescript, uniq_harold
D:8:      layout_loops_ring
D:9:      wad_guarded_room, layout_loops_ring, basic_altar, fountainhead
D:10:     layout_loops_cross, orc_0_dummy, uniq_maggie
D:11:     layout_basic, dpeg_lair_monsters
D:12:     gammafunk_indiana_jones, layout_irregular_city,
          minmay_misc_feat_cross, eino_small_chamber_without_monster,
          lemuel_statue_altar
D:13:     layout_stronghold, erik_vaults_2, serial_shops, bzr_entry_gold, shop,
          shop, kennysheep_mini_moat, shop, chequers_hall_statues_y,
          cheibriados_altar_1
D:14:     layout_gridville, serial_shops, shop, glass_columns_a,
          nicolae_good_shop
D:15:     grunt_enter_depths_magical_seal, layout_small_grid, serial_ice,
          serial_ice_b, serial_ice_c, serial_ice_f, serial_ice_k,
          nicolae_trove_entry_crossroad, uniq_nessos
Temple:   nicolae_temple_no_exploring_needed
Lair:1:   layout_loops_ring, grunt_forest_small_clearings, beast_lair_carwin_4,
          serial_bayou_shore_b
Lair:2:   layout_small_grid, minmay_swamp_entry_reptiles,
          gammafunk_ghost_cemetery, st_stairs_5
Lair:3:   layout_regular_city, guppyfry_snake_entry_island, st_stairs_5,
          serial_bayou_lagoon_a, grunt_megastairs_2, uniq_gastronok
Lair:4:   wad_woods_pond, layout_regular_city, portal_ice_cave_rime
Lair:5:   layout_loops_ring, slime_altar_1, lemuel_altar_in_water2
Lair:6:   minmay_lair_end_enchanted_forest, layout_small_grid
Orc:1:    layout_caves, basic_altar, uniq_erolcha
Orc:2:    st_orc_open, layout_caves, nooodl_orcs_dogs, uniq_josephine,
          uniq_urug, uniq_saint_roka

Skill      XL: |  1  2  3  4  5  6  7  8  9 10 11 12 13 14 15 16 |
---------------+-------------------------------------------------+-----
Maces & Flails | 4 5 6 7 9 10 | 10.2
Fighting       | 4 5 6 7 8 9 10 11 12 13 | 13.8
Armour         | 3 4 6 7 9 11 13 14 16 17 18 | 18.1
Dodging        | 2 3 4 5 6 7 9 10 11 12 | 12.6
Axes           | 3 7 9 13 15 16 17 18 | 18.3
Throwing       | 4 7 9 |  9.1

Action                   |  1- 3 |  4- 6 |  7- 9 | 10-12 | 13-15 | 16-18 || total
-------------------------+-------+-------+-------+-------+-------+-------++-------
Melee: Mace              |    16 |       |       |       |       |       ||    16
       Whip              |    79 |    58 |       |       |       |       ||   137
       Headbutt          |    12 |    22 |    50 |    72 |   200 |    77 ||   433
       Flail             |       |   103 |   312 |       |       |       ||   415
       Battleaxe         |       |       |    64 |   462 |  1001 |   316 ||  1843
       Dire flail        |       |       |       |       |    40 |       ||    40
       Morningstar       |       |       |       |       |    18 |       ||    18
 Fire: Fustibalus        |       |       |       |       |    17 |       ||    17
Throw: Boomerang         |       |       |       |     4 |       |       ||     4
Evoke: Wand              |       |       |     4 |     7 |     8 |     6 ||    25
       Tin of tremorston |       |       |       |       |     2 |       ||     2
  Use: Scroll            |       |     6 |     5 |    12 |    21 |     7 ||    51
       Potion            |       |       |     1 |     3 |     2 |     1 ||     7
 Stab: Paralysed         |       |       |     4 |     7 |    18 |     5 ||    34
       Confused          |       |       |     1 |     2 |    12 |       ||    15
       Invisible         |       |       |       |       |     8 |    10 ||    18
       Petrifying        |       |       |       |       |     5 |     2 ||     7
       Distracted        |       |       |       |       |     3 |       ||     3
       Petrified         |       |       |       |       |     3 |     1 ||     4
       Sleeping          |       |       |       |       |     1 |       ||     1
Armor: Leather armour    |    34 |    70 |     2 |       |       |       ||   106
       Plate armour      |       |       |   210 |   123 |       |       ||   333
       Chain mail        |       |       |       |   155 |   444 |    96 ||   695
Dodge: Dodged            |    53 |   113 |   122 |   230 |   701 |   213 ||  1432
Block: Other             |       |       |   117 |   214 |   430 |   115 ||   876
       Reflection        |       |       |     4 |    18 |    11 |    19 ||    52

Table legend: (Time is in decaauts)
 A = Elapsed time spent in this place.
 B = Non-inter-level travel time spent in this place.
 C = Inter-level travel time spent in this place.
 D = Time resting spent in this place.
 E = Time spent auto-exploring this place.
 F = Levels seen in this place.
 G = Mean time per level.
                   A        B        C        D        E       F      G
               +--------+--------+--------+--------+--------+-----+--------+
         Total |  29574 |  27427 |   2147 |   8779 |  11708 |  26 | 1137.5 |
       Dungeon |  19455 |  18140 |   1315 |   5977 |   7559 |  15 | 1297.0 |
        Temple |      1 |      1 |      0 |      0 |      0 |   1 |    1.0 |
          Lair |   7613 |   6796 |    817 |   1641 |   3552 |   6 | 1268.8 |
  Orcish Mines |   1468 |   1454 |     14 |    843 |    361 |   2 |  734.0 |
        Bazaar |    105 |    105 |      0 |      0 |     22 |   1 |  105.0 |
      Ice Cave |    930 |    930 |      0 |    317 |    213 |   1 |  930.0 |
               +--------+--------+--------+--------+--------+-----+--------+

Top non-repeatable levels by time:
    D:12: 2211 daAuts
  Lair:6: 1853 daAuts
     D:7: 1789 daAuts
  Lair:2: 1778 daAuts
     D:9: 1684 daAuts
     D:3: 1628 daAuts
    D:10: 1628 daAuts
    D:11: 1598 daAuts
  Lair:4: 1387 daAuts
    D:13: 1360 daAuts
    D:14: 1242 daAuts
     D:6: 1107 daAuts
     D:4: 1102 daAuts
     D:2: 993 daAuts
  Lair:3: 980 daAuts
